 Dungeon Crawl Stone Soup version 0.23-a0-296-ga3b1b28 (webtiles) character file.

124968 galech the Severer (level 16, -3/129 HPs)
             Began as a Demonspawn Fighter on Oct 5, 2018.
             Was the Champion of Okawaru.
             Killed from afar by a starcursed mass (5 damage)
             ... with an accursed screaming
             ... on level 2 of the Abyss.
             The game lasted 01:03:47 (30381 turns).

galech the Severer (Demonspawn Fighter)            Turns: 30381, Time: 01:03:47

Health: -3/129     AC: 20    Str: 16      XL:     16   Next: 40%
Magic:  18/18      EV: 12    Int: 11 (14) God:    Okawaru [******]
Gold:   2280       SH: 23    Dex: 22      Spells: 15/15 levels left

rFire    + + +     SeeInvis .   r - +2 war axe (flame)
rCold    + + .     Gourm    .   V - +2 large shield {rC+}
rNeg     . . .     Faith    .   U - +6 scale mail of Unreason {Regen+}
rPois    .         Spirit   .   y - +1 helmet
rElec    +         Reflect  +   c - +0 cloak {rC+}
rCorr    .         Harm     .   M - +1 pair of gloves
MR       ++...     Clarity  +   P - +1 pair of boots {run}
Stlth    +++.......             H - +2 amulet of reflection
HPRegen  0.71/turn              T - ring of the Present {rF+ Int+2}
MPRegen  0.16/turn              X - ring of protection from magic

@: very slightly contaminated, quick
A: hooves 2, thin skeletal structure 2, blurry vision 1, clarity, deformed body,
fire resistance 2, electricity resistance, spiny 3
a: Heroism, Finesse, Renounce Religion


You were on level 2 of the Abyss.
You worshipped Okawaru.
Okawaru was exalted by your worship.
You were very hungry.

You visited 4 branches of the dungeon, and saw 24 of its levels.
You visited the Abyss 1 time.
You also visited: Ossuary and Ice Cave.

You collected 2915 gold pieces.
You spent 635 gold pieces at shops.

Inventory:

Hand Weapons
 h - a +5 vampiric broad axe
 r - a +2 war axe of flaming (weapon)
Armour
 c - a +0 cloak of cold resistance (worn)
 m - a scarf of resistance
 q - a +0 cloak of magic resistance
 y - a +1 helmet (worn)
 M - a +1 pair of gloves (worn)
 N - a +0 pair of boots of flying
 O - a +0 plate armour of poison resistance
 P - a +1 pair of boots of running (worn)
 Q - a +1 plate armour of fire resistance
 R - a scarf of cloud immunity
 U - the +6 scale mail of Unreason (worn) {Regen+}
   (Okawaru gifted it to you on level 1 of the Lair of Beasts)

   It increases your rate of regeneration.
 V - a +2 large shield of cold resistance (worn)
Jewellery
 n - an uncursed ring of protection from fire
 v - an uncursed ring of magical power {unknown}
 H - a +2 amulet of reflection (around neck)
 L - an uncursed ring of ice
 T - the ring of the Present (left hand) {rF+ Int+2}
   (You found it on level 11 of the Dungeon)

   [ring of protection from fire]

   It affects your intelligence (+2).
   It protects you from fire.
 X - a ring of protection from magic (right hand)
Wands
 i - a wand of paralysis (15)
 k - a wand of iceblast (5)
 J - a wand of digging (13)
Scrolls
 e - 11 scrolls of teleportation
 j - 11 scrolls of remove curse
 l - 4 scrolls of fear
 o - 3 scrolls of enchant weapon
 p - 4 scrolls of fog
 s - 4 scrolls of enchant armour
 t - a scroll of blinking
 x - 4 scrolls of acquirement
 E - a scroll of identify
 G - a scroll of silence {unknown}
 I - 4 scrolls of magic mapping
Potions
 a - 4 potions of resistance
 b - 2 potions of mutation
 d - 5 potions of might
 g - 4 potions of flight
 u - 4 potions of berserk rage
 w - a potion of ambrosia
 z - 3 potions of invisibility
 B - 5 potions of haste
 D - 2 potions of magic
 F - 7 potions of agility
 W - 2 potions of lignification
 Y - a potion of cancellation
 Z - a potion of brilliance
Comestibles
 f - 40 rations


   Skills:
 + Level 12.8 Fighting
 + Level 16.5 Axes
 + Level 10.4 Armour
 + Level 6.0 Dodging
 + Level 3.5 Stealth
 + Level 13.7 Shields
 + Level 3.3 Invocations


You had 15 spell levels left.
You didn't know any spells.
Your spell library contained the following spells:

 Spells                   Type           Power        Failure   Level  Hunger
 Infusion                 Chrm           #...         99%         1    ##.....
 Shroud of Golubria       Chrm/Tloc      #.........   100%        2    ###....
 Song of Slaying          Chrm           #.......     100%        2    ###....
 Recall                   Summ/Tloc      N/A          100%        3    ####...
 Regeneration             Chrm/Necr      #.........   100%        3    ####...
 Spectral Weapon          Hex/Chrm       #.......     100%        3    ####...
 Aura of Abjuration       Summ           #.........   100%        5    ######.
 Summon Demon             Summ           #.........   100%        5    ######.
 Summon Forest            Summ/Tloc      #.........   100%        5    ######.
 Summon Mana Viper        Hex/Summ       #.......     100%        5    ######.
 Shadow Creatures         Summ           N/A          100%        6    #######


Dungeon Overview and Level Annotations

Branches:
Dungeon (15/15)            Temple (0/1) D:4            Lair (6/6) D:11
 Shoals (0/4) Lair:3        Snake (0/4) Lair:2        Slime (0/5) Lair:6
    Orc (2/2) D:9             Elf (1/3) Orc:2        Vaults (0/5) D:13
 Depths (0/5) D:15

Altars:
Fedhas
Okawaru
Qazlal
Sif Muna
Vehumet
Yredelemnul
Beogh

Shops:
D:4 [   D:12 [   Orc:1 }   Orc:2 ([[(   Elf:1 ([}*


Innate Abilities, Weirdness & Mutations

You have hoof-like feet.
You have a moderately thin skeletal structure. (Dex +4, Stealth+)
Your flesh is very heat resistant. (rF++)
You are completely covered in sharp spines.
Scrolls take you a little longer to read.
You possess an exceptional clarity of mind.
Armour fits poorly on your strangely shaped body.
You are resistant to electric shocks. (rElec)


Message History

The spatial maelstrom closely misses you. x2
The white very ugly thing basks in the mutagenic energy from its kin and The spatial vortex completely misses you.
Blink to where?
Press: ? - help, Dir - move target cursor You are very lightly contaminated with residual magic.
As you read the scroll of blinking, it crumbles to dust.
You feel better.
You block the large abomination's attack.
The starcursed mass shrieks in your mind.
* * * LOW HITPOINT WARNING * * *
Something hits you but does no damage.
The red devil hits you but does no damage.
The crimson imp is struck by your spines.
The crimson imp barely misses you.
A storm dragon skeleton comes into view.
The red devil hops backward while attacking.
The red devil barely misses you.
The starcursed mass shrieks in your mind.
You die...

# . #.§.....X. #...##
. ##..#.#..X. #.⌠.###
. #.X.# .# . .##.....
..#..Xv# # ........
.##3v#.v....
.........##5x.#..####
#.......##3...###
.......##X{....#
....⌠..@.3Xx.#..#
...+..#...5#......#
.........4####...+
#..........# ###..
####.#...### #.#....#
##..Z### #...


You could see a starcursed mass, 2 sun demons, a spatial vortex, a thrashing
horror, 2 large abominations, a neqoxec, a red devil, 2 small abominations, a
crimson imp, an ufetubus and a storm dragon skeleton.

Vanquished Creatures
  A bone dragon (Abyss:2)
  Kirke (D:13)
  A frost giant (IceCv)
  An orc warlord (Orc:2)
  A deep elf elementalist (Elf:1)
  A deep elf demonologist (Elf:1)
  Nessos (D:14)
  Snorg (D:10)
  2 fire dragons (D:15)
  Josephine (D:9)
  Fannar (D:9)
  A vault guard (D:13)
  8 hydras
  2 centaur warriors (D:15)
  A death knight (D:13)
  3 dancing weapons (Elf:1)
  3 two-headed ogres
  A tengu warrior (D:15)
  Urug (D:10)
  2 orc high priests (Orc:2)
  4 death yaks (Lair:6)
  A sun demon (Abyss:2)
  2 deep elf knights (Elf:1)
  3 unseen horrors
  4 wizards
  2 deep elf archers (Elf:1)
  A phantasmal warrior (D:13)
  A wolf spider zombie (D:14)
  2 oklob plants
  A necromancer (D:13)
  3 orc knights
  15 deep elf magi
  An orc sorcerer (Orc:2)
  4 cyclopes
  14 ugly things
  15 elephants
  A manticore (Lair:3)
  Maurice (D:9)
  3 black mambas
  A guardian serpent (Lair:2)
  15 spiny frogs
  2 ice statues (IceCv)
  3 gargoyles
  2 kobold demonologists (D:15)
  A rime drake (Lair:5)
  An efreet (D:13)
  11 komodo dragons
  9 trolls
  A troll (shapeshifter) (D:15)
  3 meliai
  A meliai (shapeshifter) (Abyss:2)
  16 polar bears
  4 hornets
  8 slime creatures
  Grinder (D:5)
  Prince Ribbit (D:6)
  21 blink frogs
  12 hippogriffs
  17 dream sheep
  An air elemental (Elf:1)
  7 wyverns
  A shadow (D:13)
  11 spriggans
  A water elemental (Elf:1)
  2 basilisks
  A vampire (D:14)
  29 yaks
  8 wraiths
  3 fire bats (Abyss:2)
  2 fire elementals (Elf:1)
  3 hogs (D:13)
  20 humans (D:13)
  2 steam dragons
  3 vampire mosquitoes (D:15)
  Menkaure (D:5)
  An acid dragon (D:15)
  2 insubstantial wisps (D:11)
  13 water moccasins
  4 wargs
  A soldier ant (D:10)
  Duvessa (D:7)
  9 porcupines
  39 orc warriors
  7 sky beasts
  3 ice beasts
  2 eyes of draining
  3 phantoms
  5 black bears (Lair:6)
  2 starcursed masses (Abyss:2)
  A necrophage (D:6)
  42 wolves
  4 centaurs
  13 ogres
  9 boggarts
  15 crocodiles
  2 big kobolds (D:15)
  23 bullfrogs
  2 gnoll sergeants
  A water moccasin zombie (D:5)
  A wyvern skeleton (D:12)
  6 scorpions
  Dowan (D:7)
  A water moccasin skeleton (D:10)
  8 killer bees (D:13)
  13 wights
  3 howler monkeys
  8 crimson imps
  2 bullfrog zombies
  2 centaur zombies
  3 quasits
  8 hounds
  31 orc priests
  2 bullfrog skeletons
  A gnoll shaman (D:7)
  4 jellies
  31 orc wizards
  Ijyb (D:5)
  7 centaur skeletons
  An iguana (D:4)
  14 worker ants
  A hound zombie (D:6)
  A mummy (Ossuary)
  A howler monkey skeleton (D:4)
  A howler monkey zombie (D:7)
  12 adders
  17 gnolls
  3 shadow imps
  An ooze (D:5)
  An adder skeleton (D:4)
  An adder zombie (D:5)
  A dart slug (D:5)
  9 leopard geckos
  133 orcs
  2 ball pythons (D:4)
  10 bats
  7 giant cockroaches
  7 goblins
  6 hobgoblins
  7 jackals
  9 quokkas
  3 frilled lizards (D:1)
  6 gnoll skeletons (Ossuary)
  5 kobolds
  6 kobold skeletons (Ossuary)
  2 leopard gecko skeletons
  2 leopard gecko zombies
  13 orc skeletons (Ossuary)
  A quokka zombie (D:5)
  13 rats
  A rat zombie (D:5)
  8 fungi
  A plant (Lair:5)
980 creatures vanquished.

Vanquished Creatures (others)
  A deep elf archer (Elf:1)
  A deep elf mage (D:12)
  A bush (Lair:1)
  10 fungi
  4 plants
17 creatures vanquished.

Grand Total: 997 creatures vanquished

Notes
Turn   | Place    | Note
-------+----------+-------------------------------------------
     0 | D:1      | galech the Demonspawn Fighter began the quest for the Orb.
     0 | D:1      | Reached XP level 1. HP: 18/18 MP: 1/1
   180 | D:1      | Gained mutation: You are partially covered in sharp spines.
                  | [demonic ancestry]
   180 | D:1      | Reached XP level 2. HP: 23/24 MP: 2/2
   268 | D:1      | Reached skill level 2 in Axes
   523 | D:1      | Gained mutation: You are mostly covered in sharp spines.
                  | [demonic ancestry]
   523 | D:1      | Reached XP level 3. HP: 29/29 MP: 3/3
  1626 | D:3      | Gained mutation: Your flesh is heat resistant. (rF+)
                  | [demonic ancestry]
  1626 | D:3      | Reached XP level 4. HP: 30/35 MP: 4/4
  1635 | D:3      | Reached skill level 3 in Axes
  2064 | D:3      | Found a stormy altar of Qazlal.
  2065 | D:3      | Reached XP level 5. HP: 9/41 MP: 5/5
  2574 | D:4      | Found Vewn's Armour Shoppe.
  2593 | D:4      | Reached skill level 4 in Axes
  2593 | D:4      | Reached XP level 6. HP: 24/48 MP: 6/6
  2914 | D:4      | Found an iron altar of Okawaru.
  2914 | D:4      | Found a deep blue altar of Sif Muna.
  2916 | D:4      | Found a basalt altar of Yredelemnul.
  2932 | D:4      | Became a worshipper of Warmaster Okawaru
  2955 | D:4      | Found a staircase to the Ecumenical Temple.
  3121 | D:4      | Reached skill level 5 in Axes
  3168 | D:4      | Reached XP level 7. HP: 49/53 MP: 7/7
  3285 | D:5      | Entered Level 5 of the Dungeon
  3354 | D:5      | Noticed Ijyb
  3378 | D:5      | Killed Ijyb
  3496 | D:5      | Found a sand-covered staircase.
  3508 | Ossuary  | Entered an ossuary
  3508 | Ossuary  | Noticed a wraith
  3508 | Ossuary  | Noticed a wraith
  3508 | Ossuary  | Noticed a wraith
  3715 | Ossuary  | Noticed a wraith
  3736 | Ossuary  | Killed a wraith
  3969 | D:5      | Reached skill level 6 in Axes
  4061 | D:5      | Reached * piety under Okawaru
  4083 | D:5      | Reached XP level 8. HP: 8/61 MP: 8/8
  4548 | D:5      | Noticed Menkaure
  4554 | D:5      | Killed Menkaure
  4554 | D:5      | Reached skill level 1 in Dodging
  4731 | D:6      | Noticed Grinder
  4811 | D:5      | Reached ** piety under Okawaru
  4811 | D:5      | Reached skill level 7 in Axes
  5052 | D:5      | Killed Grinder
  5052 | D:5      | Reached skill level 5 in Fighting
  5387 | D:6      | Reached skill level 8 in Axes
  5387 | D:6      | Reached XP level 9. HP: 45/68 MP: 9/9
  5601 | D:6      | Noticed Prince Ribbit
  5612 | D:6      | Killed Prince Ribbit
  5612 | D:6      | Reached skill level 5 in Armour
  5612 | D:6      | Reached skill level 5 in Shields
  5677 | D:6      | Reached skill level 1 in Stealth
  5848 | D:6      | Reached *** piety under Okawaru
  5904 | D:7      | Noticed Duvessa
  5904 | D:7      | Noticed Dowan
  6079 | D:7      | Killed Dowan
  6086 | D:7      | Killed Duvessa
  6268 | D:7      | Found a blossoming altar of Fedhas.
  6400 | D:7      | Reached skill level 9 in Axes
  6552 | D:7      | Reached **** piety under Okawaru
  7164 | D:8      | Gained mutation: You have a somewhat thin skeletal
                  | structure. (Dex +2, Stealth) [demonic ancestry]
  7164 | D:8      | Reached XP level 10. HP: 77/77 MP: 10/10
  7829 | D:8      | Reached skill level 10 in Axes
  7859 | D:8      | Paralysed by a hornet for 1 turns
  8300 | D:9      | Noticed Maurice
  8309 | D:8      | Reached ***** piety under Okawaru
  8333 | D:9      | Killed Maurice
  8478 | D:9      | Reached skill level 11 in Axes
  8526 | D:9      | Identified a scroll of acquirement
  8540 | D:9      | Found a staircase to the Orcish Mines.
  9315 | D:9      | Noticed a two-headed ogre
  9327 | D:9      | Killed a two-headed ogre
  9327 | D:9      | Reached XP level 11. HP: 67/84 MP: 11/11
  9564 | D:10     | Entered Level 10 of the Dungeon
  9564 | D:10     | Noticed Josephine
  9573 | D:10     | Noticed Fannar
  9576 | D:10     | Received a gift from Okawaru
  9585 | D:9      | Killed Josephine
  9845 | D:10     | Noticed Urug
  9875 | D:9      | Killed Fannar
  9875 | D:9      | Reached skill level 1 in Invocations
  9985 | D:10     | Killed Urug
 10243 | D:10     | Killed an unseen horror
 10243 | D:10     | Received a gift from Okawaru
 10693 | D:10     | Noticed a deep elf mage
 10703 | D:10     | Killed a deep elf mage
 10919 | D:10     | Noticed a six-headed hydra
 11278 | Orc:1    | Entered Level 1 of the Orcish Mines
 11281 | Orc:1    | Noticed a two-headed ogre
 11700 | Orc:1    | Found Hocon's Gadget Emporium.
 11915 | Orc:2    | Entered Level 2 of the Orcish Mines
 11918 | Orc:2    | Found a staircase to the Elven Halls.
 12130 | Orc:2    | Found a roughly hewn altar of Beogh.
 12250 | Orc:2    | Found a roughly hewn altar of Beogh.
 12550 | Orc:2    | Reached skill level 12 in Axes
 12912 | Orc:2    | Found a roughly hewn altar of Beogh.
 12973 | Orc:2    | Found Miazegh's Armour Shop.
 12992 | Orc:2    | Bought a +1 pair of boots of running for 547 gold pieces
 13162 | Orc:2    | Gained mutation: You have large cloven feet. [demonic
                  | ancestry]
 13162 | Orc:2    | Reached XP level 12. HP: 43/93 MP: 13/13
 13367 | Orc:2    | Noticed an orc high priest
 13368 | Orc:2    | Noticed an orc warlord
 13413 | Orc:2    | Paralysed by an orc sorcerer for 7 turns
 13584 | Orc:2    | Killed an orc high priest
 13797 | Orc:2    | Killed an orc warlord
 14078 | Orc:2    | Found Siwneen's Antique Weapon Shoppe.
 14079 | Orc:2    | Found a roughly hewn altar of Beogh.
 14080 | Orc:2    | Found Souczour's Antique Armour Emporium.
 14144 | Orc:2    | Found a roughly hewn altar of Beogh.
 14152 | Orc:2    | Noticed an orc high priest
 14160 | Orc:2    | Found Jiggiopi's Antique Weapon Emporium.
 14178 | Orc:2    | Killed an orc high priest
 14951 | D:10     | Noticed Snorg
 14968 | D:10     | Killed Snorg
 14968 | D:10     | Received a gift from Okawaru
 14979 | D:10     | Killed a four-headed hydra
 15693 | D:11     | Got a steaming lapis lazuli ring
 16171 | D:11     | Found a staircase to the Lair.
 16188 | Lair:1   | Entered Level 1 of the Lair of Beasts
 16202 | Lair:1   | Reached skill level 13 in Axes
 16241 | Lair:1   | Found a frozen archway.
 16257 | Lair:1   | Identified the ring of the Present {rF+ Int+2} (You found
                  | it on level 11 of the Dungeon)
 16298 | IceCv    | Entered an ice cave
 17168 | IceCv    | Reached XP level 13. HP: 82/101 MP: 11/14
 17689 | IceCv    | Noticed a frost giant
 17713 | IceCv    | Killed a frost giant
 18639 | Lair:1   | Received a gift from Okawaru
 18646 | Lair:1   | Got a crude scale mail {god gift}
 18657 | Lair:1   | Identified the +6 scale mail of Unreason {Regen+} (Okawaru
                  | gifted it to you on level 1 of the Lair of Beasts)
 19058 | Lair:2   | Found a staircase to the Snake Pit.
 19217 | Lair:2   | Reached skill level 10 in Shields
 19251 | Lair:2   | Reached skill level 10 in Fighting
 20677 | Lair:3   | Reached skill level 14 in Axes
 20757 | Lair:3   | Got a spiked chain mail
 20768 | Lair:3   | Identified the +5 chain mail of Summertime {Str+3} (You
                  | found it on level 3 of the Lair of Beasts)
 20858 | Lair:3   | Found a staircase to the Shoals.
 21094 | Lair:3   | Gained mutation: You have hoof-like feet. [demonic
                  | ancestry]
 21094 | Lair:3   | Reached XP level 14. HP: 111/111 MP: 16/16
 21556 | Lair:4   | Reached skill level 10 in Armour
 21579 | Lair:4   | Reached ****** piety under Okawaru
 22710 | Lair:5   | Received a gift from Okawaru
 22722 | Lair:5   | Got a faintly humming scale mail {god gift}
 22733 | Lair:5   | Identified the +3 scale mail of the Desert {rPois MP+9
                  | Int-3 Stlth+} (Okawaru gifted it to you on level 5 of the
                  | Lair of Beasts)
 23209 | Lair:6   | Entered Level 6 of the Lair of Beasts
 23356 | Lair:6   | Reached skill level 15 in Axes
 23728 | Lair:6   | Found a staircase to the Slime Pits.
 24453 | Lair:6   | Gained mutation: You are completely covered in sharp
                  | spines. [demonic ancestry]
 24453 | Lair:6   | Reached XP level 15. HP: 109/119 MP: 17/17
 24789 | D:12     | Received a gift from Okawaru
 25058 | D:12     | Found Jokhaff's Antique Armour Shop.
 25887 | D:13     | Found a gate to the Vaults.
 25890 | D:13     | Received a gift from Okawaru
 26028 | D:13     | Noticed Kirke
 26041 | D:13     | Killed Kirke
 26096 | D:13     | Found a roughly hewn altar of Beogh.
 26155 | D:13     | Reached skill level 16 in Axes
 27139 | D:15     | Entered Level 15 of the Dungeon
 27172 | D:15     | Noticed Nessos
 27326 | D:14     | Reached skill level 5 in Dodging
 27331 | D:14     | Killed Nessos
 27331 | D:14     | Received a gift from Okawaru
 27943 | D:15     | Found a radiant altar of Vehumet.
 28055 | D:15     | Found a staircase to the Depths.
 28077 | D:15     | Gained mutation: You have a beak for a mouth. [potion of
                  | mutation]
 28077 | D:15     | Gained mutation: Your muscles are strong. (Str +2) [potion
                  | of mutation]
 28078 | D:15     | Lost mutation: Your muscles are strong. (Str +2) [potion of
                  | mutation]
 28078 | D:15     | Gained mutation: Your muscles are strong. (Str +2) [potion
                  | of mutation]
 28078 | D:15     | Gained mutation: You possess an exceptional clarity of
                  | mind. [potion of mutation]
 28079 | D:15     | Lost mutation: You possess an exceptional clarity of mind.
                  | [potion of mutation]
 28079 | D:15     | Lost mutation: Your muscles are strong. (Str +2) [potion of
                  | mutation]
 28079 | D:15     | Lost mutation: You have a beak for a mouth. [potion of
                  | mutation]
 28079 | D:15     | Gained mutation: You are resistant to electric shocks.
                  | (rElec) [potion of mutation]
 28079 | D:15     | Gained mutation: Your flesh is very heat resistant. (rF++)
                  | [potion of mutation]
 28079 | D:15     | Gained mutation: Scrolls take you a little longer to read.
                  | [potion of mutation]
 28079 | D:15     | Gained mutation: You possess an exceptional clarity of
                  | mind. [potion of mutation]
 28496 | D:15     | Gained mutation: You have a moderately thin skeletal
                  | structure. (Dex +4, Stealth+) [demonic ancestry]
 28496 | D:15     | Reached XP level 16. HP: 105/128 MP: 18/18
 29044 | Elf:1    | Entered Level 1 of the Elven Halls
 29288 | Elf:1    | Found Hitib's General Store.
 29301 | Elf:1    | Bought a scroll of identify for 32 gold pieces
 29301 | Elf:1    | Bought a scroll of magic mapping for 56 gold pieces
 29351 | Elf:1    | Found Reuwuto's Gadget Shoppe.
 29357 | Elf:1    | Found Urosox's Armour Emporium.
 29728 | Elf:1    | Found Betsasox's Weapon Boutique.
 29833 | Elf:1    | Received a gift from Okawaru
 30130 | Elf:1    | Cast into level 2 of the Abyss (a deep elf demonologist)
 30130 | Abyss:2  | Found a corrupted altar of Lugonu.
 30178 | Abyss:2  | Noticed a bone dragon
 30232 | Abyss:2  | Killed a bone dragon
 30281 | Abyss:2  | Paralysed by accursed screaming for 1 turns
 30320 | Abyss:2  | Gained mutation: Armour fits poorly on your strangely
                  | shaped body. [a neqoxec]
 30376 | Abyss:2  | Noticed a lich
 30378 | Abyss:2  | HP: 6/129 [spatial maelstrom (15)]
 30378 | Abyss:2  | HP: 1/129 [starcursed mass/accursed screaming (5)]
 30381 | Abyss:2  | Killed from afar by a starcursed mass

Vault maps used:
D:1:      tarquinn_simple_flora_water_a, minmay_tetromino_o4
D:3:      lemuel_doored_altar
D:4:      grunt_temple_overflow_open, temple_statues, portal_sewer_entry_e,
          serial_shops, shop, minmay_gold_behind_fungi
D:5:      enter_ossuary_4, first_ration, uniq_menkaure, uniq_ijyb
D:6:      uniq_grinder, uniq_prince_ribbit1
D:7:      fedhas_altar_1, uniq_duvessa
D:9:      david_orc_4, special_room, uniq_maurice
D:10:     uniq_urug, uniq_fannar, uniq_josephine, uniq_snorg
D:11:     lair_entry_dummy, the_bakery, hangedman_misty_isle
D:12:     serial_shops, kennysheep_mini_moat
D:13:     grunt_vaults_entry_tiered, david_defended_altar_orc, uniq_kirke
D:15:     grunt_enter_depths_hoard, small_statue_alley_a, minmay_misc_feat_room,
          lemuel_statue_altar, uniq_nessos
Lair:1:   portal_ice_cave_entry_pillars_1, minmay_hedge_maze, minmay_holes
Lair:2:   minmay_snake_entry_spellcaster, lemuel_fruit_tree, grunt_megastairs_3,
          minmay_lair_oklob_chamber
Lair:3:   minmay_shoals_entry_beasts, fungi_pond_lemuel
Lair:5:   grunt_megastairs_5, serial_bayou_shore_a, lemuel_fruit_fields
Lair:6:   minmay_lair_end_enchanted_forest, minmay_slime_entry_oklob_enclosed,
          grunt_megastairs_1
Orc:1:    serial_shops, shop
Orc:2:    grunt_orc_community_town_hall, grunt_orc_community_big_house_2,
          grunt_orc_community_big_house_1, grunt_orc_community_house_2,
          grunt_orc_community_house_1, grunt_orc_community_house_2,
          grunt_orc_community_house_1
Elf:1:    serial_shops, shop, shop, shop, shop, hangedman_elf_represent,
          hex_large
Ossuary:  ossuary_due_mausoleum
IceCv:    ice_cave_small_giant

Skill      XL: |  1  2  3  4  5  6  7  8  9 10 11 12 13 14 15 16 |
---------------+-------------------------------------------------+-----
Armour         | 3 4 5 6 8 9 10 | 10.4
Shields        | 3 4 5 6 8 9 10 11 13 | 13.7
Axes           | 2 3 4 5 6 8 9 11 12 13 14 15 16 | 16.5
Fighting       | 4 5 6 7 8 9 10 11 12 | 12.8
Dodging        | 1 2 3 4 5 6 |  6.0
Stealth        | 1 2 3 |  3.5
Invocations    | 1 2 3 |  3.3

Action                   |  1- 3 |  4- 6 |  7- 9 | 10-12 | 13-15 | 16-18 || total
-------------------------+-------+-------+-------+-------+-------+-------++-------
Melee: War axe           |   114 |    96 |   353 |   433 |  1832 |   269 ||  3097
       Hand axe          |       |       |       |   683 |       |       ||   683
Invok: Heroism           |       |       |     4 |    12 |     8 |     2 ||    26
       Finesse           |       |       |       |     1 |     1 |     1 ||     3
  Use: Scroll            |       |     6 |     1 |     9 |    14 |     4 ||    34
       Potion            |       |       |       |       |     4 |     5 ||     9
 Stab: Distracted        |       |       |       |       |     4 |       ||     4
       Sleeping          |       |       |       |       |     2 |     4 ||     6
  Eat: Chunk             |     2 |     5 |    10 |    28 |    31 |     5 ||    81
       Ration            |       |       |     1 |     1 |     2 |       ||     4
Armor: Scale mail        |    56 |     2 |       |       |   452 |    97 ||   607
       Chain mail        |       |    49 |   144 |   223 |       |       ||   416
       Plate armour      |       |       |       |   112 |    92 |       ||   204
Dodge: Dodged            |    30 |     7 |    91 |   169 |   309 |    83 ||   689
Block: Shield            |    78 |    49 |   212 |   593 |    91 |       ||  1023
       Reflection        |       |       |       |    20 |    18 |    20 ||    58
       Large shield      |       |       |       |       |  1699 |   276 ||  1975

Table legend:
 A = Non-vault XP
 B = Vault XP
 C = Vault XP percentage of total XP
 D = Non-vault monster count
 E = Vault monster count
 F = Vault count percentage of total count
                 A         B        C        D         E       F
            +---------+---------+-------+---------+---------+-------
      Total |  120435 |   58092 |  32.5 |     666 |     307 |  31.6
            +---------+---------+-------+---------+---------+-------
        D:1 |      40 |       6 |  13.0 |      25 |       4 |  13.8
        D:2 |      34 |       0 |   0.0 |      12 |       0 |   0.0
        D:3 |     146 |       0 |   0.0 |      24 |       0 |   0.0
        D:4 |     497 |      11 |   2.2 |      17 |       8 |  32.0
        D:5 |     796 |     493 |  38.2 |      17 |       5 |  22.7
        D:6 |    1018 |     268 |  20.8 |      29 |       1 |   3.3
        D:7 |    1708 |     216 |  11.2 |      40 |       2 |   4.8
        D:8 |    2973 |       0 |   0.0 |      46 |       0 |   0.0
        D:9 |    1641 |    4230 |  72.0 |      16 |      44 |  73.3
       D:10 |    4030 |    2168 |  35.0 |      23 |       3 |  11.5
       D:11 |    1988 |    1120 |  36.0 |      24 |       7 |  22.6
       D:12 |    3792 |       0 |   0.0 |      22 |       0 |   0.0
       D:13 |   10051 |   10210 |  50.4 |      45 |      32 |  41.6
       D:14 |    6068 |    1241 |  17.0 |      27 |       1 |   3.6
       D:15 |   19817 |    2074 |   9.5 |      61 |       2 |   3.2
     Lair:1 |    4160 |       0 |   0.0 |      18 |       0 |   0.0
     Lair:2 |    6002 |    4924 |  45.1 |      28 |      10 |  26.3
     Lair:3 |    5992 |     725 |  10.8 |      20 |       2 |   9.1
     Lair:4 |    8152 |       0 |   0.0 |      28 |       0 |   0.0
     Lair:5 |    7564 |     791 |   9.5 |      29 |       2 |   6.5
     Lair:6 |   12289 |    9291 |  43.1 |      33 |      48 |  59.3
      Orc:1 |    1369 |       0 |   0.0 |      29 |       0 |   0.0
      Orc:2 |    1429 |    7140 |  83.3 |      25 |      67 |  72.8
      Elf:1 |   13238 |    3365 |  20.3 |      20 |       6 |  23.1
    Abyss:2 |    5641 |       0 |   0.0 |       8 |       0 |   0.0
    Ossuary |       0 |     241 | 100.0 |       0 |      27 | 100.0
      IceCv |       0 |    9578 | 100.0 |       0 |      36 | 100.0
            +---------+---------+-------+---------+---------+-------
